 Dungeon Crawl Stone Soup version 0.21-a0-536-gdbbf329 (webtiles) character file.

33 slep the Chopper (level 3, 0/18 HPs)
             Began as a Vine Stalker Gladiator on Dec 15, 2017.
             Slain by an adder (2 damage)
             ... on level 1 of the Dungeon.
             The game lasted 00:01:51 (743 turns).

slep the Chopper (Vine Stalker Gladiator)            Turns: 743, Time: 00:01:52

Health: 0/18       AC:  4    Str: 16    XL:     3   Next: 29%
Magic:  0/4        EV: 13    Int: 11    God:
Gold:   46         SH:  0    Dex: 16    Spells: 2/2 levels left

rFire    . . .     SeeInvis .   a - +0 war axe
rCold    . . .     Gourm    .   (no shield)
rNeg     . . .     Faith    .   b - +0 leather armour
rPois    .         Spirit   +   c - +0 helmet
rElec    .         Reflect  .   (no cloak)
rCorr    .         Harm     .   (no gloves)
MR       .....                  (no boots)
Stlth    +.........             (no amulet)
HPRegen  0.06/turn              e - +3 ring of intelligence
MPRegen  0.09/turn              (no ring)

@: lethally poisoned (0 -> -8)
A: fangs 2, magic shield, antimagic bite, no potion heal 3, rot immunity
a: no special abilities


You were on level 1 of the Dungeon.
You were not hungry.

You visited 1 branch of the dungeon, and saw 2 of its levels.

You collected 46 gold pieces.

Inventory:

Hand Weapons
 a - a +0 war axe (weapon)
Missiles
 d - 3 throwing nets (quivered)
 k - 5 tomahawks
Armour
 b - a +0 leather armour (worn)
 c - a +0 helmet (worn)
Jewellery
 e - a +3 ring of intelligence (left hand)
Scrolls
 g - a scroll of immolation {unknown}
 h - a scroll of identify {unknown}
 i - 2 scrolls of fear {unknown}
 j - a scroll of teleportation {unknown}
Comestibles
 f - 4 bread rations


   Skills:
 + Level 1.8 Fighting
 + Level 3.3 Axes
 + Level 1.8 Throwing
 + Level 0.4 Armour
 + Level 2.8 Dodging
 + Level 0.3 Stealth


You had 2 spell levels left.
You didn't know any spells.

Dungeon Overview and Level Annotations

Branches:
Dungeon (2/15)

Altars:


Innate Abilities, Weirdness & Mutations

You have extremely sharp teeth.
When hurt, damage is shared between your health and your magic reserves.
Your bite disrupts and absorbs the magic of your enemies.
Potions cannot restore your health.
You are immune to rotting.


Message History

You feel sick.
You hit the adder. Your bite misses the adder.
The adder is moderately wounded.
You feel sick. The adder closely misses you. The adder bites you.
* * * LOW HITPOINT WARNING * * *
You are more poisoned.
The adder poisons you!
You barely miss the adder. Your bite misses the adder.
The adder is moderately wounded.
* * * LOW HITPOINT WARNING * * *
You feel sick. The adder misses you. The adder bites you.
* * * LOW HITPOINT WARNING * * *
You hit the adder. Your bite misses the adder.
The adder is heavily wounded.
* * * LOW HITPOINT WARNING * * *
You feel sick. The adder barely misses you. The adder closely misses you.
You hit the adder.
The adder is almost dead.
The adder bites you.
You die...

.#######.......#...####...##### #
....# #.......#...# #...#######
'##.# #.......##### #........##
..#.# #.......# #######+#.....##
..#.# #.......# #.....#.#.....##
..#.#####....#.###.....#'#†....##
..#.#........#.#.'.............##
###.#........#.#.#.............##
..###........#.#@#...##).......##
....#........#.#S#...############
....+........#.#g........########
....#...###'##.#.........#.......
....#...# #.##..>........#.......
....#######.##....#####..........
.####.......##....#####.....#####
....#.......##....#.........#####
....#............................


You could see a gnoll and an adder.

Vanquished Creatures
  An ooze (D:1)
  A dart slug (D:1)
  A leopard gecko (D:1)
  5 giant cockroaches (D:1)
  3 goblins (D:1)
  4 hobgoblins (D:1)
  A kobold (D:1)
  2 bats (D:1)
  2 frilled lizards (D:1)
  4 rats (D:1)
24 creatures vanquished.

Notes
Turn   | Place    | Note
-------+----------+-------------------------------------------
     0 | D:1      | slep the Vine Stalker Gladiator began the quest for the Orb.
     0 | D:1      | Reached XP level 1. HP: 11/11 MP: 2/2
   101 | D:1      | Reached skill level 3 in Axes
   101 | D:1      | Reached XP level 2. HP: 15/15 MP: 3/3
   267 | D:1      | Reached XP level 3. HP: 8/18 MP: 1/4
   722 | D:2      | Found a faded altar of an unknown god.
   743 | D:1      | Slain by an adder

Vault maps used:
D:1:      dpeg_arrival_windows_large_door
D:2:      chequers_ecumenical_altar_simple, uniq_robin

Skill      XL: |  1 |
---------------+----+-----
Axes           | 3 |  3.3
Fighting       | |  1.8
Throwing       | |  1.8
Armour         | |  0.4
Dodging        | |  2.8
Stealth        | |  0.3

Action                   || total
-------------------------++-------
Melee: War axe           ||    54
       Bite              ||    13
 Stab: Sleeping          ||     2
Armor: Leather armour    ||    28
Dodge: Dodged            ||    67

Table legend:
 A = Spawn XP
 B = Non-spawn XP
 C = Spawn XP percentage of total XP
 D = Spawn monster count
 E = Non-spawn monster count
 F = Spawn count percentage of total count
 G = Total turns spent on level
                    A         B        C        D         E        F      G
               +---------+---------+-------+---------+---------+-------+---------
         Total |       0 |      48 |   0.0 |       0 |      24 |   0.0 |   743
               +---------+---------+-------+---------+---------+-------+---------
           D:1 |       0 |      48 |   0.0 |       0 |      24 |   0.0 |   727
               +---------+---------+-------+---------+---------+-------+---------
